AoeStats
← yau-hoi

Hideout

507688830Analyzed
1v1 RM · 14d ago on Sep 19, 2026· 51m 30s· 2 players
Game mode
Random Map
Map size
Tiny (2 player)
Population
200
Speed
Normal
Resources
Standard
Victory
Conquest
Starting age
Dark Age
Ending age
Imperial Age
RankedLock teamsTeams togetherTeam positionsShared explorationLock speedFull tech treeHidden civsTurbo modeCheats
Victory
Defeat
🇫🇷 Mongols · France
1088
+14
🇦🇺 Vietnamese · Australia
1039
-14
yau-hoi
0:26 Loom
10:29 Feudal Age
16:15 Castle Age
14:43 Double-Bit Axe
26:38 Elite Skirmisher
28:23 Fletching
32:28 Padded Archer Armor
33:02 Bodkin Arrow
35:05 Wheelbarrow
38:51 Town Watch
40:05 Gold Mining
41:05 Leather Archer Armor
43:38 Scale Barding Armor
44:04 Bloodlines
47:01 Imperial Age
48:45 Bloodlines
51:29 Chain Barding Armor
AstroVocis
10:29 Feudal Age
14:48 Castle Age
13:16 Double-Bit Axe
14:02 Stone Mining
16:17 Wheelbarrow
20:26 Horse Collar
22:13 Fletching
27:41 Ballistics
30:39 Bodkin Arrow
36:54 Hand Cart
36:24 Loom
40:44 Imperial Age
39:01 Scale Barding Armor
39:27 Forging
40:15 Bow Saw
40:36 Bloodlines
40:57 Husbandry
41:38 Chain Barding Armor
43:48 Iron Casting
44:02 Elite Steppe Lancer
48:25 Blast Furnace
48:16 Conscription
47:57 Bracer
47:58 Padded Archer Armor
50:45 Heavy Plow
50:38 Gold Mining
50:39 Stone Mining
Connection lost

Rejoining the realm…

Still unreachable

The connection could not be restored.

Session expired

The server has moved on; the page needs a fresh start.